 Dungeon Crawl Stone Soup version 0.30.1-4-g462c640d31 (webtiles) character file.

Game seed: 2348448751356285301

679115 spardeous the Warrior (level 26, -5/253 HPs)
             Began as a Demigod Conjurer on Sept 4, 2023.
             Killed by the raging water
             ... invoked by a water nymph
              (31 damage)
             ... on level 6 of the Abyss.
             The game lasted 05:07:43 (114281 turns).

spardeous the Warrior (Demigod Conjurer)          Turns: 114281, Time: 05:07:44

Health: -5/253     AC: 32    Str: 33      XL:     26   Next: 62%
Magic:  52/52      EV: 20    Int: 28 (33) God:
Gold:   4766       SH: 17    Dex: 23      Spells: 15/63 levels left

rFire   + + +        O - +9 broad axe (drain)
rCold   + . .        z - +2 kite shield {reflect}
rNeg    + . .        Z - +12 gold dragon scales
rPois   +            (helmet restricted)
rElec   +            o - +0 cloak of Focaroig {rF+ Str+2 Dex+3}
rCorr   +            T - +1 pair of gloves "Poche" {Regen+ Str+5}
SInv    +            P - +2 pair of slick slippers {slick, slippery, EV+4}
Will    ++++.        K - amulet of magic regeneration Stlth
                     q - ring of Etapp {rElec Str+6 Int+5 SInv Stlth-}
HPRegen 0.00/turn    a - ring "Tit Ora" {rF+ rN+ Will+ Dex+4}
MPRegen 0.73/turn

%: random rage (9%), reflection
@: berserking (expiring), about to teleport, resistant, sick, inhibited regen,
studying 3 skills, unable to read, unable to drink, slow
A: high MP 1, forlorn, divine attributes, antennae 1, deformed body, fire
resistance 1, strong-willed 1, weak 2, cold vulnerability 1, [berserk 2], clumsy
1[+1], deterioration 1[+1], [frail 3], [screaming 2], [inhibited regeneration],
[no potion heal 2], subdued magic 1[+2], [inability to drink after injury 2],
[inability to read after injury 2]
}: 4/15 runes: decaying, slimy, silver, gossamer
a: no special abilities


You were on level 6 of the Abyss.
You visited 12 branches of the dungeon, and saw 54 of its levels.
You visited the Abyss 3 times.
You also visited: Bailey, Gauntlet, Ice Cave and Wizlab.

You collected 9315 gold pieces.
You spent 4549 gold pieces at shops.

Inventory:

Hand Weapons
 O - a +9 broad axe of draining (weapon)
Armour
 n - the orb "Ophox" {*channel, +Blink Will- Regen+ SInv}
   (You bought it in a shop on level 2 of the Orcish Mines)

   SInv:      It lets you see invisible.
   +Blink:    It lets you blink.
   Regen:     It increases your rate of health regeneration.
   Will:      It decreases your willpower.
 o - the +0 cloak of Focaroig (worn) {rF+ Str+2 Dex+3}
   (You found it on level 5 of the Vaults)

   Str:       It affects your strength (+2).
   Dex:       It affects your dexterity (+3).
   rF:        It protects you from fire.
 r - a +0 helmet
 z - a +2 kite shield of reflection (worn)
 P - the +2 pair of slick slippers (worn) {slick, slippery, EV+4}
   (You found it on level 2 of the Vaults)

   Slick:     Its wearer cannot be constricted, engulfed, netted or webbed.
   Slippery:  Its wearer slips away from damaging melee attacks, pulling the
   attacker onward.
   EV:        It affects your evasion (+4).
 T - the +1 pair of gloves "Poche" (worn) {Regen+ Str+5}
   (You bought it in a shop on level 7 of the Dungeon)

   Str:       It affects your strength (+5).
   Regen:     It increases your rate of health regeneration.
 U - the +9 plate armour of Oily Salvation {rC+ rCorr Str+2}
   (You took it off an orc knight on level 1 of the Orcish Mines)

   Str:       It affects your strength (+2).
   rC:        It protects you from cold.
   rCorr:     It protects you from acid and corrosion.
 Z - +12 gold dragon scales (worn)
Magical Staves
 L - the staff of cold "Ydeaviw" {rF+ rC+ Will+ Str+2 Int+2}
   (You found it on level 5 of the Vaults)

   [staff of cold]

   Base accuracy: +5 Base damage: 5 Base attack delay: 1.2 This weapon's minimum
   attack delay (0.6) is reached at skill level 12.
   Str:       It affects your strength (+2).
   Int:       It affects your intelligence (+2).
   rF:        It protects you from fire.
   rC:        It protects you from cold.
   Will:      It increases your willpower.
   It falls into the 'Staves' category.
   It is a one-handed weapon.
 M - the staff of conjuration "Osacogro" {rC+ rCorr}
   (You found it in a Gauntlet)

   [staff of conjuration]

   Base accuracy: +5 Base damage: 5 Base attack delay: 1.2 This weapon's minimum
   attack delay (0.6) is reached at skill level 12.
   rC:        It protects you from cold.
   rCorr:     It protects you from acid and corrosion.
   It falls into the 'Staves' category.
   It is a one-handed weapon.
Jewellery
 a - the ring "Tit Ora" (right hand) {rF+ rN+ Will+ Dex+4}
   (You found it in a wizard's laboratory)

   [ring of positive energy]

   Dex:       It affects your dexterity (+4).
   rF:        It protects you from fire.
   rN:        It protects you from negative energy.
   Will:      It increases your willpower.
 i - the ring of the Centipede {rElec rPois EV+5 Int-2}
   (You found it on level 3 of the Swamp)

   [ring of evasion]

   EV:        It affects your evasion (+5).
   Int:       It affects your intelligence (-2).
   rElec:     It insulates you from electricity.
   rPois:     It protects you from poison.
 l - the amulet "Sani" {Reflect rElec MP+9 Int+3 SH+5}
   (You found it on level 1 of the Realm of Zot)

   [amulet of reflection]

   It reflects blocked missile attacks.
   Int:       It affects your intelligence (+3).
   rElec:     It insulates you from electricity.
   MP:        It affects your magic capacity (+9).
   SH:        It affects your SH (+5).
 q - the ring of Etapp (left hand) {rElec Str+6 Int+5 SInv Stlth-}
   (You took it off a deep elf death mage on level 3 of the Elven Halls)

   [ring of strength]

   Str:       It affects your strength (+6).
   Int:       It affects your intelligence (+5).
   rElec:     It insulates you from electricity.
   SInv:      It lets you see invisible.
   Stlth:     It makes you less stealthy.
 t - a ring of positive energy
 B - the ring of Joy {Will+ rCorr Int+6}
   (You took it off a tengu reaver on level 5 of the Vaults)

   [ring of intelligence]

   Int:       It affects your intelligence (+6).
   rCorr:     It protects you from acid and corrosion.
   Will:      It increases your willpower.
 G - the ring of Lilacs {Wiz rF+ rC+ Dex+4}
   (You took it off a fire giant on level 3 of the Depths)

   [ring of wizardry]

   It improves your spell success rate.
   Dex:       It affects your dexterity (+4).
   rF:        It protects you from fire.
   rC:        It protects you from cold.
 H - the ring "Qybrig" {rN+ MP+9 Str+2 Int+6}
   (You found it in a wizard's laboratory)

   [ring of intelligence]

   Str:       It affects your strength (+2).
   Int:       It affects your intelligence (+6).
   rN:        It protects you from negative energy.
   MP:        It affects your magic capacity (+9).
 I - a ring of flight
 K - an amulet of magic regeneration (around neck)
 V - a ring of protection from fire
Wands
 b - a wand of roots (84)
 u - a wand of digging (31)
 Q - a wand of mindburst (60)
 Y - a wand of flame (10)
Scrolls
 c - 7 scrolls of teleportation
 g - 16 scrolls of immolation
 k - 4 scrolls of butterflies
 s - 4 scrolls of fear
 y - a scroll of brand weapon
 A - 12 scrolls of amnesia
 C - 9 scrolls of fog
 J - 14 scrolls of poison
 N - a scroll of enchant armour
 W - 2 scrolls of magic mapping
Potions
 d - 13 potions of ambrosia
 f - 9 potions of flight
 h - 14 potions of brilliance
 j - 4 potions of resistance
 p - 7 potions of invisibility
 w - 10 potions of curing
 D - 6 potions of cancellation
 E - 4 potions of haste
 F - 6 potions of might
 S - 3 potions of magic
 X - 2 potions of mutation
Miscellaneous
 m - a lightning rod (4/4)


   Skills:
 - Level 20.8 Fighting
 - Level 18.0 Axes
 - Level 15.3 Armour
 - Level 14.8 Dodging
 + Level 7.5 Stealth
 - Level 15.0 Shields
 - Level 19.0 Spellcasting
 - Level 11.6 Conjurations
 - Level 10.1 Necromancy
 - Level 10.4 Translocations
 - Level 12.6 Transmutations
 - Level 13.2 Earth Magic
 - Level 7.0 Poison Magic


You had 15 spell levels left.
You knew the following spells:

 Your Spells              Type           Power      Damage    Failure   Level
a - Iron Shot             Conj/Erth      25%        9d5       14%         6
b - Stone Arrow           Conj/Erth      100%       3d13      1%          3
c - Iskenderun's Mystic   Conj/Tloc      46%        2d10      1%          4
d - Statue Form           Tmut/Erth      34%        N/A       12%         6
e - Fulminant Prism       Conj/Hex       15%        3d10      14%         4
f - Borgnjor's Vile Clut  Necr/Erth      24%        N/A       2%          5
g - Swiftness             Air            14%        N/A       47%         3
h - Leda's Liquefaction   Hex/Erth       16%        N/A       10%         4
i - Sublimation of Blood  Necr           44%        N/A       1%          2
j - Vhi's Electric Charg  Tloc/Air       58%        N/A       4%          3
r - Olgreb's Toxic Radia  Pois           34%        N/A       8%          4
x - Manifold Assault      Tloc           44%        N/A       1%          4

Your spell library contained the following spells:

 Spells                   Type           Power      Damage    Failure   Level
 Beastly Appendage        Tmut           100%       N/A       0%          1
 Sandblast                Erth           100%       2d20      0%          1
 Apportation              Tloc           88%        N/A       1%          1
 Foxfire                  Conj/Fire      100%       2x1d9     1%          1
 Kiss of Death            Conj/Necr      100%       2d13      1%          1
 Magic Dart               Conj           100%       1d8       1%          1
 Necrotise                Necr           100%       1d9       1%          1
 Sting                    Tmut/Pois      100%       1d8       1%          1
 Blink                    Tloc           88%        N/A       1%          2
 Cigotuvi's Dreadful Rot  Necr/Pois/Air  62%        N/A       1%          2
 Lesser Beckoning         Tloc           88%        N/A       1%          2
 Passwall                 Tmut/Erth      42%        N/A       1%          2
 Searing Ray              Conj           96%        2d7       1%          2
 Static Discharge         Conj/Air       62%        2-5/arc   1%          2
 Wereblood                Tmut           50%        N/A       1%          2
 Gell's Gravitas          Tloc           44%        N/A       1%          3
 Spider Form              Tmut/Pois      43%        N/A       1%          3
 Teleport Other           Tloc           44%        N/A       1%          3
 Vampiric Draining        Necr           44%        2d9       1%          3
 Animate Dead             Necr           44%        N/A       1%          4
 Dispel Undead            Necr           44%        3d17      1%          4
 Passage of Golubria      Tloc           44%        N/A       1%          4
 Petrify                  Tmut/Erth      51%        N/A       1%          4
 Blade Hands              Tmut           25%        N/A       1%          5
 Irradiate                Conj/Tmut      24%        3d19      1%          5
 Lee's Rapid Deconstruct  Erth           26%        3d14*     1%          5
 Ignite Poison            Fire/Tmut/Pois 33%        N/A       2%          3
 Mephitic Cloud           Conj/Pois/Air  32%        N/A       2%          3
 Dazzling Flash           Conj/Hex       62%        N/A       3%          3
 Hailstorm                Conj/Ice       31%        3d8       3%          3
 Poisonous Vapours        Pois/Air       48%        N/A       4%          2
 Alistair's Intoxication  Tmut/Pois      28%        N/A       7%          5
 Ice Form                 Ice/Tmut       32%        N/A       11%         4
 Flame Wave               Conj/Fire      31%        2d9       14%         4
 Sticky Flame             Conj/Fire      31%        2d5       14%         4
 Freeze                   Ice            56%        1d7       16%         1
 Summon Small Mammal      Summ           56%        N/A       16%         1
 Call Imp                 Summ           28%        N/A       24%         2
 Ensorcelled Hibernation  Hex/Ice        28%        N/A       24%         2
 Scorch                   Fire           28%        2d6       24%         2
 Yara's Violent Unravell  Hex/Tmut       16%        3d8       34%         5
 Dispersal                Tloc           22%        N/A       36%         6
 Death Channel            Necr           22%        N/A       38%         6
 Arcjolt                  Conj/Air       15%        1d25      43%         5
 Fireball                 Conj/Fire      15%        3d8       43%         5
 Eringya's Noxious Bog    Tmut/Pois      21%        N/A       43%         6
 Confusing Touch          Hex            14%        N/A       47%         3
 Frozen Ramparts          Ice            28%        1d5       47%         3
 Inner Flame              Hex/Fire       14%        N/A       47%         3
 Ozocubu's Armour         Ice            14%        N/A       47%         3
 Summon Guardian Golem    Hex/Summ       14%        N/A       47%         3
 Tukima's Dance           Hex            14%        N/A       47%         3
 Summon Forest            Summ/Tloc      14%        N/A       52%         5
 Dragon Form              Tmut           25%        N/A       65%         7
 Freezing Cloud           Conj/Ice/Air   12%        6-21      73%         5
 Airstrike                Air            7%         2d(1-17)  89%         4
 Summon Ice Beast         Ice/Summ       14%        N/A       89%         4
 Summon Lightning Spire   Summ/Air       14%        N/A       89%         4
 Starburst                Conj/Fire      15%        6d6       96%         6
 Simulacrum               Ice/Necr       14%        N/A       98%         6
 Summon Mana Viper        Hex/Summ       14%        N/A       99%         5
 Plasma Beam              Fire/Air       7%         2x1d19    100%        6
 Summon Cactus Giant      Summ           7%         N/A       100%        6
 Enfeeble                 Hex            7%         N/A       100%        7
 Haunt                    Necr/Summ      14%        N/A       100%        7
 Ozocubu's Refrigeration  Ice            7%         4d9       100%        7
 Storm Form               Tmut/Air       16%        N/A       100%        7
 Summon Hydra             Summ           7%         N/A       100%        7
 Discord                  Hex            7%         N/A       100%        8
 Disjunction              Tloc           22%        N/A       100%        8
 Ignition                 Fire           7%         3d4       100%        8
 Infestation              Necr           22%        N/A       100%        8
 Maxwell's Capacitive Co  Air            7%         ∞         100%        8
 Summon Horrible Things   Summ           7%         N/A       100%        8
 Chain Lightning          Conj/Air       15%        3d20      100%        9
 Polar Vortex             Ice            7%         N/A       100%        9


Dungeon Overview and Level Annotations

Branches:
Dungeon (15/15)            Temple (0/1) D:5            Lair (5/5) D:10
  Swamp (4/4) Lair:2       Spider (4/4) Lair:3        Slime (5/5) Lair:4
    Orc (2/2) D:10            Elf (3/3) Orc:2        Vaults (5/5) D:13
  Crypt (1/3) Vaults:3     Depths (4/4) D:15           Hell (visited)
    Dis (0/7) Hell            Geh (0/7) Hell            Coc (0/7) Hell
    Tar (0/7) Hell            Zot (5/5) Depths:4     Bailey (visited)
  IceCv (visited)          WizLab (visited)         Gauntlet (visited)

Shops:
D:6 =   D:7 ((*[   D:14 :   Orc:1 !?***   Orc:2 *=[(   Elf:1 [   Elf:2 *
Vaults:2 [

Portals:
Hell: Depths:1 Depths:2 Depths:3 Depths:4
Abyss: Slime:3 Depths:1 Depths:2 Depths:3 Depths:4
Pandemonium: Depths:2
Ziggurat: Depths:2


Innate Abilities, Weirdness & Mutations

You have an increased reservoir of magic. (+10% MP)
You shall have no god before yourself.
Your divine heritage dramatically boosts your attributes as you level up.
You have a pair of small antennae on your head.
Armour fits poorly on your strangely shaped body.
Your flesh is heat resistant. (rF+)
You are strong-willed. (Will+)
You are very weak. (Str -4)
You are vulnerable to cold. (rC-)
[You have an uncontrollable temper.]
[You are very clumsy. (Dex -4)]
[Your body often deteriorates upon taking damage.]
[You are extremely frail. (-30% HP)]
[You frequently scream uncontrollably at your foes.]
[You do not regenerate when monsters are visible.]
[Potions cannot restore your health.]
[Your spells are much easier to cast, but much less powerful.]
[You sometimes lose the ability to drink potions when taking damage.]
[You sometimes lose the ability to read scrolls when taking damage.]


Message History

You slice the hornet!!
You kill the hornet!
You slash the neqoxec!
You hear a roar!
The ufetubus disappears in a puff of smoke! x2
You block the thrashing horror's attack.
The thrashing horror tramples you but does no damage.
The wretched star pulses with an eldritch light!
You feel frail.
You block the thrashing horror's attack.
The thrashing horror closely misses you.
The ufetubus is engulfed in seething chaos.
The ufetubus seems to grow stronger.
Your unstable footing causes you to fumble your attack.
You block the neqoxec's attack.
The raiju is engulfed in blazing flames.
You block the tormentor's attack. x2
Unknown command.
Your unstable footing causes you to fumble your attack.
You can drink potions again.
The thrashing horror misses you. The thrashing horror tramples you.
* * * LOW HITPOINT WARNING * * *
The ufetubus is engulfed in seething chaos.
The ufetubus seems to speed up.
You take 1 damage, and have 26/253 hp.
You slice the neqoxec!!
You kill the neqoxec!
You closely miss the tormentor. You slash the thrashing horror!
The thrashing horror tramples you but does no damage.
The thrashing horror closely misses you.
The ufetubus is engulfed in seething chaos.
You block the tormentor's attack. x2
The neqoxec gestures at you.
Something tries to feed on your intellect!
Your unstable footing causes you to fumble your attack.
The ufetubus is engulfed in seething chaos.
The water nymph casts a spell at you. The water swirls and strikes you!!
You feel threatened and lose the ability to drink potions!
You die...

~. ) . . ♣ ≈. . ..
..... # . .. ## # 5
..# ⌠ # h5. # #3 . ..
φ #.h# . { { # .#. #
#### #{ . # {♣@X### #
#5 5 ..
♣~m2♣555.3*5§*. 5 .
.≈~3♣♣♣{h♣5Xw##.#####
. .. ♣.h. ##..# # ⌠
⌠.##L5 ..# # ~#§§ ...
. ## #.. ## .#...
#... ###.## # . # ##


You could see an ancient lich, a tentacled starspawn, a wretched star, a
thrashing horror, a water nymph, a tormentor, 2 raiju, a neqoxec, a ynoxinul, a
starspawn tentacle and 5 ufetubi.

Vanquished Creatures
  the Royal Jelly (Slime:5)
  4 dread liches
  5 ancient liches (Zot:5)
  6 orbs of fire
  A juggernaut (Depths:3)
  4 Killer Klowns
  Sojobo (Crypt:1)
  Parghit (Zot:3)
  15 caustic shrikes
  A curse toe (Zot:3)
  Geryon (Hell)
  9 golden dragons
  Jory (Vaults:5)
  4 bone dragons
  Nikola (Vaults:1)
  Arachne (Spider:2)
  2 doom hounds (Depths:2)
  A Tzitzimitl (Depths:2)
  A hellephant (Depths:1)
  3 electric golems
  23 tentacled monstrosities
  A walking crystal tome (Depths:2)
  Jorgrun (D:15)
  6 liches
  A walking earthen tome (Depths:3)
  25 Orb Guardians (Zot:5)
  Grunn (Depths:2)
  2 walking divine tomes (Depths:3)
  A walking frostbound tome (Depths:2)
  11 quicksilver dragons
  A moon troll (WizLab)
  7 titans
  2 deep elf blademasters (Elf:3)
  3 deep elf master archers (Elf:3)
  24 acid blobs
  11 death cobs
  12 tengu reavers
  3 ancient champions
  16 tentacled starspawn
  11 sphinxes
  8 shadow dragons
  Kirke (Lair:4)
  18 storm dragons
  2 draconian monks
  A fenstrider witch (Swamp:4)
  6 thorn hunters
  12 rockslimes
  8 fire giants
  9 emperor scorpions
  5 draconian knights
  14 azure jellies
  11 frost giants
  3 iron dragons
  7 ghost moths
  23 vault wardens
  A balrug (Abyss:6)
  4 spectral caustic shrikes (Depths:1)
  2 deep elf sorcerers (Elf:3)
  A curse skull (Crypt:1)
  9 draconian scorchers
  5 ghouls
  Louise (Depths:4)
  13 draconian stormcallers
  10 ironbound preservers
  5 deep elf elementalists (Elf:3)
  3 orc warlords
  A spriggan defender (Depths:2)
  13 quicksilver oozes
  2 cacodemons (WizLab)
  23 stone giants
  6 ironbound thunderhulks
  A broodmother (shapeshifter) (Depths:2)
  2 broodmothers
  31 very ugly things
  7 reapers
  4 draconian annihilators
  5 war gargoyles
  A caustic shrike skeleton (Hell)
  7 vampire knights
  15 green draconians
  A putrid mouth (Depths:2)
  4 dire elephants
  7 black draconians
  6 deep elf demonologists
  11 red draconians
  10 yellow draconians
  7 deep elf annihilators
  A lorocyproca (Hell)
  6 purple draconians
  6 white draconians
  A bunyip (shapeshifter) (D:14)
  2 bunyips
  Azrael (D:13)
  9 spark wasps
  A minotaur (Gauntlet)
  5 blizzard demons
  2 iron golems (Depths:1)
  8 deep elf death magi
  14 ettins
  3 green deaths (Abyss:4)
  7 crystal guardians
  Snorg (Lair:4)
  A jiangshi (Crypt:1)
  12 fire dragons
  An eidolon (Crypt:1)
  A merfolk impaler (Depths:2)
  5 rakshasas
  10 deep elf high priests
  A kraken zombie (Hell)
  Harold (Lair:1)
  12 ice dragons
  3 entropy weavers
  10 great orbs of eyes
  3 shambling mangroves
  7 spriggan air magi
  A ghost crab (Swamp:4)
  37 vault guards
  9 yaktaur captains
  3 peacekeepers
  3 hell beasts
  A jorogumo (Spider:1)
  19 hydras
  5 ironbound frosthearts
  4 catoblepae
  An ogre mage (Vaults:5)
  8 radroaches
  A death knight (D:11)
  14 boulder beetles
  7 centaur warriors
  24 dancing weapons
  10 alligators
  7 hell hogs (Hell)
  7 tengu warriors
  6 deep troll shamans
  5 thrashing horrors
  An orc high priest (Orc:1)
  7 two-headed ogres
  16 death yaks (Lair:5)
  The ghost of Shake04 the Basher, a journeyman VSFi of Makhleb (Orc:1)
  12 spriggan berserkers
  6 vampire magi
  14 deep troll earth magi
  A shock serpent (shapeshifter) (Depths:2)
  4 sun demons
  4 soul eaters
  10 hell knights
  A sixfirhy (Abyss:6)
  10 deep elf knights
  4 shadow wraiths
  6 wretched stars
  A fire crab (shapeshifter) (Elf:2)
  2 crystal echidnas (Hell)
  14 iron trolls
  9 skeletal warriors
  A spark wasp zombie (Crypt:1)
  A sea snake (shapeshifter) (Depths:2)
  5 skysharks
  2 goliath frogs
  A spatial maelstrom (Abyss:4)
  A shadow demon (Hell)
  Lodul (D:12)
  4 flayed ghosts
  4 pharaoh ants
  A glowing orange brain (shapeshifter) (Vaults:5)
  39 deep trolls
  A ghost moth zombie (Crypt:1)
  15 glowing orange brains
  6 spriggan druids
  A steelbarb worm (shapeshifter) (Vaults:1)
  15 orb spiders
  11 swamp dragons
  5 bog bodies
  7 lindwurms
  4 orange crystal statues
  16 ironbound convokers
  12 necromancers
  Pikel (D:5)
  12 wizards
  2 anaconda skeletons
  A spriggan simulacrum (Crypt:1)
  4 deep elf archers
  2 sphinx zombies
  A shadow dragon zombie (Hell)
  11 phantasmal warriors
  3 steelbarb worms
  15 deep elf pyromancers
  2 tengu zombies (D:15)
  7 harpies
  19 orc knights
  14 deep elf zephyrmancers
  4 worldbinders (Abyss:6)
  13 orc sorcerers
  32 ugly things
  5 shining eyes
  10 cyclopes
  A fire giant zombie (Vaults:5)
  2 mana vipers (shapeshifter)
  17 wolf spiders
  A moth of wrath (shapeshifter) (Vaults:1)
  37 moths of wrath
  2 will-o-the-wisps (Swamp:3)
  A frost giant skeleton (Vaults:4)
  2 ice statues
  25 vault sentinels
  3 black mambas
  A centaur zombie (Hell)
  9 manticores
  2 guardian serpents (Abyss:4)
  A rust devil (Hell)
  8 demonic crawlers
  Joseph (D:9)
  An elephant (shapeshifter) (Depths:3)
  10 smoke demons
  Maurice (D:13)
  2 orange demons (Abyss:4)
  A water nymph (Abyss:6)
  2 molten gargoyles (Hell)
  A naga skeleton (Hell)
  12 cane toads
  5 torpor snails
  An eye of devastation (shapeshifter) (Vaults:5)
  A centaur skeleton (Crypt:1)
  3 gargoyles
  A hellion (Hell)
  A kobold demonologist (D:11)
  8 eyes of devastation
  2 unseen horrors
  4 rime drakes
  27 yaktaurs
  A human zombie (Vaults:4)
  An efreet (D:13)
  2 sea snake zombies (Hell)
  A yaktaur zombie (Vaults:4)
  A tormentor (Depths:2)
  A yaktaur (shapeshifter) (Depths:3)
  9 freezing wraiths
  4 komodo dragons
  13 tengu conjurers
  3 ancient zymes
  3 hydra zombies (Hell)
  An ice devil (Hell)
  14 trolls
  A silent spectre (Abyss:4)
  9 tyrant leeches
  A meliai (shapeshifter) (Depths:3)
  2 hellwings (Abyss:6)
  38 hornets
  4 polar bears
  2 raiju
  7 blink frogs
  25 tarantellas
  10 meliai (Depths:2)
  A tarantella (shapeshifter) (Vaults:1)
  A harpy skeleton (Crypt:1)
  An alligator zombie (Hell)
  2 spriggan zombies (D:15)
  Sigmund (D:6)
  5 air elementals
  A jumping spider (shapeshifter) (Depths:2)
  11 culicivoras
  3 dream sheep (Lair:3)
  151 slime creatures
  A vampire (D:12)
  22 flying skulls
  17 jumping spiders
  14 water elementals
  6 fire elementals
  17 large abominations
  A ynoxinul (Gauntlet)
  A hog (shapeshifter) (D:15)
  20 spriggans
  A neqoxec (Abyss:6)
  22 starcursed masses
  4 wraiths
  4 basilisks
  72 yaks
  A redback (shapeshifter) (D:14)
  6 wyverns
  5 golden eyes (WizLab)
  3 small abominations (Abyss:4)
  An elf skeleton (Vaults:4)
  6 hogs (Lair:4)
  23 vampire mosquitoes
  A chaos spawn (Abyss:4)
  70 redbacks
  17 swamp worms
  Menkaure (D:6)
  4 wargs
  Edmund (D:6)
  6 hell hounds
  20 water moccasins
  4 floating eyes
  42 orc warriors
  7 swamp drakes
  20 ogres
  A black bear (shapeshifter) (Vaults:5)
  An ice beast (shapeshifter) (Abyss:4)
  2 great orb of eyes simulacra (IceCv)
  A wolf (shapeshifter) (Vaults:5)
  19 wolves
  8 centaurs
  14 boggarts
  4 lemures (D:5)
  A phantom (D:5)
  5 kobold brigands
  3 slime creature simulacra (IceCv)
  A draconian zombie (Crypt:1)
  12 bullfrogs
  7 elf zombies
  An ogre simulacrum (Vaults:4)
  A human skeleton (Vaults:5)
  A gnoll sergeant (D:8)
  3 earth elementals
  2 scorpions
  3 glowing shapeshifter simulacra (IceCv)
  A necrophage (Swamp:4)
  13 wights
  16 killer bees
  6 howler monkeys
  An electric eel (Spider:4)
  A quasit (Abyss:4)
  3 hounds
  13 orc priests
  4 gnoll boudas
  17 jellies
  2 iron imps (Gauntlet)
  A sleepcap (D:4)
  3 iguanas
  16 orc wizards
  13 hell rats
  Terence (D:2)
  34 gnolls
  9 adders
  A shadow imp (D:6)
  4 white imps
  A worm (D:3)
  7 dart slugs
  88 orcs
  9 ball pythons
  11 endoplasms
  2 giant cockroaches
  11 goblins
  4 hobgoblins
  4 jackals (D:1)
  5 quokkas
  A river rat zombie (Crypt:1)
  8 bats
  3 frilled lizards
  27 kobolds
  5 rats
  A lurking horror (Slime:3)
  10 starspawn tentacles
  A tentacle (Hell)
2724 creatures vanquished.

Vanquished Creatures (others)
  A dread lich (Vaults:5)
  A yellow draconian (Zot:2)
  A smoke demon (Abyss:6)
  A bloated husk (Swamp:1)
  A large abomination (Abyss:4)
  A hell hound (Hell)
  5 hell rats (Hell)
  5 foxfires (Swamp:3)
  39 fulminant prisms
  A lurking horror (Abyss:6)
  28 starspawn tentacles
  3 tentacles (Hell)
87 creatures vanquished.

Grand Total: 2811 creatures vanquished

Notes
Turn   | Place    | Note
-------+----------+-------------------------------------------
     0 | D:1      | spardeous the Demigod Conjurer began the quest for the Orb.
     0 | D:1      | Reached XP level 1. HP: 14/14 MP: 5/5
   293 | D:1      | Reached XP level 2. HP: 20/20 MP: 4/7
   975 | D:1      | Reached XP level 3. HP: 20/26 MP: 0/9
  1507 | D:2      | Learned a level 2 spell: Searing Ray
  1647 | D:2      | Identified the +5 plate armour of Ducaq {Str+4}
  1739 | D:2      | Noticed Terence
  1831 | D:2      | Killed Terence
  2167 | D:2      | Reached XP level 4. HP: 33/33 MP: 5/11
  2804 | D:3      | Learned a level 4 spell: Iskenderun's Mystic Blast
  3681 | D:4      | Reached XP level 5. HP: 38/38 MP: 5/13
  3773 | D:4      | Reached skill level 5 in Conjurations
  4143 | D:4      | Noticed an ogre
  4199 | D:4      | Killed an ogre
  4200 | D:4      | Reached XP level 6. HP: 29/45 MP: 5/15
  4662 | D:5      | Entered Level 5 of the Dungeon
  4733 | D:5      | Found a staircase to the Ecumenical Temple.
  4977 | D:5      | Reached skill level 5 in Spellcasting
  4977 | D:5      | Reached XP level 7. HP: 36/50 MP: 3/17
  5573 | D:5      | Noticed Pikel
  5604 | D:5      | Killed Pikel
  5905 | D:5      | Found a staircase to the Ecumenical Temple.
  6128 | D:6      | Noticed a cyclops
  6128 | D:6      | Noticed a troll
  6252 | D:6      | Found Kedoitt's Jewellery Shoppe.
  6259 | D:6      | Noticed Menkaure
  6261 | D:6      | Reached XP level 8. HP: 57/57 MP: 14/19
  6267 | D:6      | Killed Menkaure
  6368 | D:6      | You fall into a shaft and drop 1 floor!
  6388 | D:7      | Found Coef's Assorted Antiques.
  6393 | D:7      | Bought a scroll labelled CIUCWU MIDUU for 29 gold pieces
  6622 | D:7      | Found Yleb's Armour Emporium.
  6685 | D:7      | Found a flagged portal.
  6689 | D:7      | Reached skill level 5 in Translocations
  6801 | Bailey   | Entered a bailey
  7553 | Bailey   | Noticed an orc knight
  7569 | Bailey   | Killed an orc knight
  7570 | Bailey   | Reached XP level 9. HP: 53/62 MP: 8/22
  8011 | D:7      | Found Imidul's Weapon Shop.
  8027 | D:7      | Found Elemp's Weapon Shoppe.
  8057 | D:7      | Noticed a boulder beetle
  8075 | D:7      | Killed a boulder beetle
  8250 | D:6      | Noticed Sigmund
  8258 | D:6      | Killed Sigmund
  8687 | D:6      | Noticed Edmund
  8702 | D:6      | Killed Edmund
  9215 | D:8      | Learned a level 4 spell: Olgreb's Toxic Radiance
  9918 | D:8      | Noticed a green ugly thing
  9918 | D:8      | Noticed a centaur warrior
  9918 | D:8      | Noticed a manticore
  9932 | D:8      | Killed a centaur warrior
  9933 | D:8      | Reached XP level 10. HP: 45/69 MP: 7/28
  9940 | D:8      | Killed a manticore
  9940 | D:8      | Killed a green ugly thing
  9941 | D:8      | Reached skill level 10 in Spellcasting
 10182 | D:8      | Noticed a cyclops
 10183 | D:8      | Noticed a centaur warrior
 10183 | D:8      | Noticed a centaur warrior
 10439 | D:8      | Noticed a boulder beetle
 10462 | D:8      | Killed a boulder beetle
 10580 | D:8      | Noticed a manticore
 10595 | D:8      | Killed a manticore
 10596 | D:8      | HP: 3/69 [asphyx]
 10598 | D:8      | HP: 1/69 [asphyx]
 10811 | D:8      | Killed a cyclops
 10812 | D:8      | Reached skill level 2 in Fighting
 10943 | D:8      | Killed a centaur warrior
 10944 | D:8      | Reached skill level 3 in Fighting
 11191 | D:8      | Killed a centaur warrior
 11192 | D:8      | Reached skill level 4 in Fighting
 12276 | D:9      | Reached XP level 11. HP: 68/85 MP: 11/30
 12343 | D:9      | Reached skill level 5 in Fighting
 12343 | D:9      | Noticed Joseph
 12876 | D:9      | Killed Joseph
 13341 | D:9      | Found a transporter.
 13677 | D:9      | Reached XP level 12. HP: 94/94 MP: 31/31
 13746 | D:10     | Entered Level 10 of the Dungeon
 13831 | D:10     | Identified the +0 flail "Usosmox" {flame, Fragile rC++}
 14160 | D:10     | Found a staircase to the Lair.
 14218 | D:10     | Found a runed translucent door.
 14245 | D:10     | Found a staircase to the Orcish Mines.
 14257 | D:10     | Noticed a five-headed hydra
 15321 | D:11     | Noticed a five-headed hydra
 15336 | D:11     | Killed a five-headed hydra
 15441 | D:11     | Noticed a death knight
 15448 | D:11     | Reached skill level 5 in Poison Magic
 15449 | D:11     | Killed a death knight
 15782 | D:7      | Bought the +1 pair of gloves "Poche" {Regen+ Str+5} for 351
                  | gold pieces
 15892 | D:10     | Killed a five-headed hydra
 15894 | D:10     | Reached skill level 10 in Conjurations
 16276 | D:6      | Learned a level 2 spell: Passwall
 16420 | D:6      | Identified a scroll of acquirement
 16421 | D:6      | Acquired a staff of conjuration
 16774 | D:11     | Noticed a boulder beetle
 16788 | D:11     | Killed a boulder beetle
 16855 | D:11     | Noticed a boulder beetle
 16861 | D:11     | Killed a boulder beetle
 16862 | D:11     | Reached XP level 13. HP: 100/100 MP: 10/32
 17171 | D:11     | Identified the +3 falchion of Tension {flame, rPois}
 17171 | D:11     | Identified the +5 quarterstaff of the Foremost Planets
                  | {freeze, rElec rC- rCorr Int-2}
 17565 | D:12     | Learned a level 4 spell: Fulminant Prism
 17653 | D:12     | Noticed Lodul
 17661 | D:12     | Reached skill level 10 in Translocations
 17661 | D:12     | Killed Lodul
 18688 | D:13     | Noticed Azrael
 18998 | D:13     | Killed Azrael
 19220 | D:13     | Reached skill level 10 in Armour
 19394 | D:13     | Noticed Maurice
 19402 | D:13     | Killed Maurice
 19637 | D:13     | Found a gate to the Vaults.
 20080 | D:13     | Found a gate to the Vaults.
 20360 | Lair:1   | Entered Level 1 of the Lair of Beasts
 20396 | Lair:1   | Learned a level 3 spell: Stone Arrow
 21029 | Lair:1   | Noticed Harold
 21044 | Lair:1   | Killed Harold
 21045 | Lair:1   | Reached skill level 5 in Dodging
 21431 | Lair:2   | Reached skill level 1 in Shields
 21431 | Lair:2   | Reached XP level 14. HP: 107/107 MP: 23/33
 21778 | Lair:2   | Found a staircase to the Swamp.
 22278 | Lair:2   | Found a staircase to the Swamp.
 22648 | Lair:3   | Found a hole to the Spider Nest.
 22714 | Lair:3   | Reached skill level 5 in Shields
 23777 | Lair:3   | Learned a level 4 spell: Manifold Assault
 23905 | Lair:4   | Found a staircase to the Slime Pits.
 24096 | Lair:4   | Noticed Kirke
 24107 | Lair:4   | Noticed Snorg
 24118 | Lair:4   | Noticed a sphinx
 24119 | Lair:4   | Paralysed by a sphinx for 2 turns
 24123 | Lair:4   | Killed Kirke
 24125 | Lair:4   | Killed Snorg
 24841 | Lair:5   | Entered Level 5 of the Lair of Beasts
 25531 | Lair:5   | Reached XP level 15. HP: 83/113 MP: 8/37
 27575 | D:14     | Found a gate leading to a gauntlet.
 27585 | D:14     | Found Moerorph's Book Boutique.
 27587 | Gauntlet | Entered a Gauntlet
 27587 | Gauntlet | Found a transporter.
 27587 | Gauntlet | Found a transporter.
 27587 | Gauntlet | Found a transporter.
 27595 | Gauntlet | Found a transporter.
 27595 | Gauntlet | Found a transporter.
 27605 | Gauntlet | Found a transporter.
 27609 | Gauntlet | Found a transporter.
 27619 | Gauntlet | Found a transporter.
 27619 | Gauntlet | Found a transporter.
 27712 | Gauntlet | Found a transporter.
 27722 | Gauntlet | Found a transporter.
 27724 | Gauntlet | Found a transporter.
 27779 | Gauntlet | Gained mutation: [You sometimes lose your temper in
                  | combat.] [a shining eye]
 27783 | Gauntlet | Paralysed by a floating eye for 3 turns
 27855 | Gauntlet | Reached skill level 10 in Shields
 27916 | Gauntlet | Got the Vellum of the Iron Bonfire
 27975 | Gauntlet | Identified the amulet "Guuzinea" {Reflect rC- Str+7 SH+5}
 27984 | Gauntlet | Reached skill level 1 in Earth Magic
 27995 | Gauntlet | Identified the staff of conjuration "Osacogro" {rC+ rCorr}
 27996 | Gauntlet | Got Dacoinad's Octavo of the Iceberg
 27996 | Gauntlet | Got the Parchment of the Boggart
 28119 | D:14     | Bought Great Wizards, Vol. II for 494 gold pieces
 28125 | D:14     | Learned a level 5 spell: Borgnjor's Vile Clutch
 29265 | D:14     | Found Moerorph's Book Boutique.
 29513 | D:15     | Entered Level 15 of the Dungeon
 29782 | D:15     | Found a staircase to the Depths.
 30275 | D:15     | Noticed Jorgrun
 30281 | D:15     | Killed Jorgrun
 30770 | D:15     | Found a staircase to the Depths.
 31385 | Orc:1    | Entered Level 1 of the Orcish Mines
 31385 | Orc:1    | Found Arghifagh's Assorted Antiques.
 31385 | Orc:1    | Found Biskir's Assorted Antiques.
 31448 | Orc:1    | Found Jianesch's Assorted Antiques.
 31522 | Orc:2    | Entered Level 2 of the Orcish Mines
 31522 | Orc:2    | Found a staircase to the Elven Halls.
 31564 | Orc:2    | Paralysed by an orc sorcerer for 3 turns
 31726 | Orc:2    | Found Woeqoan's Antique Weapon Shop.
 31959 | Orc:2    | Reached skill level 1 in Necromancy
 32006 | Orc:2    | Found Feigrira's Antique Armour Shoppe.
 32156 | Orc:2    | Found Ocsawyrei's Jewellery Boutique.
 32325 | Orc:2    | Bought a faintly glowing orb for 266 gold pieces
 32325 | Orc:2    | Identified the orb "Ophox" {*channel, +Blink Will- Regen+
                  | SInv} (You bought it in a shop on level 2 of the Orcish
                  | Mines)
 32438 | Orc:2    | Found Oroump's General Store.
 32701 | Orc:2    | Found Woeqoan's Antique Weapon Shop.
 32739 | Orc:2    | Found Feigrira's Antique Armour Shoppe.
 32862 | Orc:2    | Found Oroump's General Store.
 32947 | Orc:2    | Found Ocsawyrei's Jewellery Boutique.
 33035 | Orc:2    | Found a staircase to the Elven Halls.
 33212 | Orc:1    | Found a runed translucent gate.
 33213 | Orc:1    | Found a runed translucent gate.
 33215 | Orc:1    | Noticed Shake04's ghost (journeyman VSFi)
 33222 | Orc:1    | Identified the +9 plate armour of Oily Salvation {rC+ rCorr
                  | Str+2}
 33244 | Orc:1    | Found a runed translucent gate.
 33266 | Orc:1    | Found Sumima Lyec's Distillery.
 33321 | Orc:1    | Found Ganiuklu's Magic Scroll Boutique.
 33394 | Orc:1    | Killed Shake04's ghost
 33487 | Orc:1    | Identified the +8 plate armour of the Boiling Point {*Slow
                  | rN++ Stlth+}
 33565 | Orc:1    | Reached XP level 16. HP: 119/119 MP: 24/38
 33571 | Orc:1    | Reached skill level 5 in Necromancy
 34019 | Swamp:1  | Entered Level 1 of the Swamp
 34268 | Swamp:1  | Found a frozen archway.
 34290 | IceCv    | Entered an ice cave
 34710 | IceCv    | Found the +4 skin of Zhor {*Englaciate rC+++ SInv}
 35152 | IceCv    | Reached skill level 5 in Earth Magic
 35540 | IceCv    | Got Vaifesty's Compilation of Graupel
 35542 | IceCv    | Identified the +3 ice dragon scales of the Worm {Harm Fly
                  | rF- rC++ Str-5 Stlth+}
 36573 | Swamp:2  | Identified the +0 leather armour of the Barnacled God {rF+
                  | Str+4 Stlth+}
 37693 | Swamp:3  | Identified the ring of the Centipede {rElec rPois EV+5
                  | Int-2}
 37833 | Swamp:4  | Entered Level 4 of the Swamp
 38817 | Swamp:4  | Reached skill level 6 in Fighting
 38980 | Swamp:4  | Reached XP level 17. HP: 129/130 MP: 29/40
 39034 | Swamp:4  | Reached skill level 7 in Fighting
 39795 | Swamp:4  | Reached skill level 8 in Fighting
 39926 | Swamp:4  | Identified the +6 mace "Added" {flame, rPois Will- rCorr
                  | Str-4}
 40008 | Swamp:4  | Got a decaying rune of Zot
 40563 | Spider:1 | Entered Level 1 of the Spider Nest
 42184 | Spider:2 | Noticed Arachne
 42239 | Spider:2 | HP: 4/136 [Arachne/staff of poison (8)]
 42942 | Spider:2 | Reached skill level 9 in Fighting
 44427 | Spider:2 | Killed Arachne
 44817 | Spider:3 | Reached skill level 10 in Fighting
 44956 | Spider:2 | Reached skill level 1 in Axes
 46114 | Spider:4 | Entered Level 4 of the Spider Nest
 46764 | Spider:4 | Reached skill level 5 in Axes
 47553 | Orc:1    | Bought a helmet for 166 gold pieces
 47770 | Spider:4 | Reached XP level 18. HP: 147/147 MP: 34/42
 48677 | Spider:4 | Identified the +1 pair of gloves "Motuq" {Str+7}
 48711 | Spider:4 | Got a gossamer rune of Zot
 49389 | Orc:1    | Bought a scroll of acquirement for 780 gold pieces
 49389 | Orc:1    | Bought a scroll of acquirement for 780 gold pieces
 49389 | Orc:1    | Acquired the +3 pair of gloves of the Carpenter {Str+8}
 49394 | Orc:1    | Acquired Sif Muna's Essays on Fluctuating Fulmination
 49406 | Orc:1    | Learned a level 6 spell: Statue Form
 49422 | Elf:1    | Entered Level 1 of the Elven Halls
 49777 | Elf:1    | Reached skill level 1 in Transmutations
 50502 | Elf:1    | Found Mwindo's Dragon-Slaying Spoils.
 50817 | Elf:2    | Paralysed by an air elemental for 1 turns
 50862 | Elf:2    | Identified the +11 spear "Xomp" {heavy, *Noise Fly Will+
                  | Stlth+}
 50943 | Elf:2    | Paralysed by an air elemental for 1 turns
 50946 | Elf:2    | Paralysed by an air elemental for 1 turns
 50948 | Elf:2    | Paralysed by an air elemental for 1 turns
 51029 | Elf:2    | Found a runed translucent gate.
 51029 | Elf:2    | Found a runed translucent gate.
 51030 | Elf:2    | Found a runed translucent gate.
 51114 | Elf:2    | Paralysed by an air elemental for 1 turns
 51132 | Elf:2    | Reached skill level 5 in Transmutations
 51410 | Elf:2    | Found Fuojig's Assorted Antiques.
 52822 | Elf:2    | Found Fuojig's Assorted Antiques.
 53005 | Elf:3    | Entered Level 3 of the Elven Halls
 53842 | Elf:3    | Paralysed by an air elemental for 1 turns
 54206 | Elf:3    | Noticed a Hell Sentinel
 54211 | Elf:3    | Noticed a Brimstone Fiend
 54560 | Elf:3    | Noticed a Hell Sentinel
 54894 | Elf:3    | Identified the +3 plate armour of Leapfrog {rC++ Str+4
                  | Int+2}
 54896 | Elf:3    | Identified the ring of Etapp {rElec Str+6 Int+5 SInv
                  | Stlth-}
 55318 | Elf:3    | Identified the orb "Ciwnyoso" {mayhem, Rampage}
 55526 | Abyss:2  | Cast into level 2 of the Abyss (a deep elf demonologist)
 55601 | Abyss:4  | Noticed a bone dragon
 55698 | Abyss:4  | Paralysed by accursed screaming for 1 turns
 55704 | Abyss:4  | Paralysed by accursed screaming for 2 turns
 55792 | Elf:3    | Escaped the Abyss
 55902 | Elf:3    | Reached XP level 19. HP: 138/154 MP: 32/43
 56034 | Elf:3    | Reached skill level 10 in Necromancy
 57155 | Elf:3    | Identified the amulet of Vavuc {Reflect Rampage *Slow SH+5
                  | SInv Stlth+}
 57453 | Elf:3    | Identified the amulet of Giapp {Reflect rElec rF- Will+
                  | rCorr SH+5}
 58190 | Elf:3    | Identified the +8 bardiche "Varirgh" {heavy, Str+3 Dex+4}
 58470 | Elf:3    | Identified the +5 long sword of Ehevot {heavy, rCorr Dex+3}
 59365 | Elf:3    | Identified the staff of air "Yluclag" {rElec rPois rC+
                  | Str-2 Stlth+}
 59374 | Elf:3    | Got Kukh's Cyclopedia of the Warped Familiar
 59387 | Elf:3    | Got the Verses on the Blink Frog and Last Rites
 59403 | Elf:3    | Identified the staff of fire "Mifuob" {*Corrode Fragile rF+
                  | Will+ Int+7}
 59404 | Elf:3    | Identified the staff of poison "Piuv" {rPois rF- Dex+7}
 59418 | Elf:3    | Identified the staff of poison "Vut Qiut" {rPois Str+6}
 59701 | Depths:1 | Entered Level 1 of the Depths
 59868 | Depths:1 | Found a one-way gate to the infinite horrors of the Abyss.
 60694 | Depths:1 | Found a gateway to Hell.
 60726 | Depths:1 | Reached skill level 10 in Earth Magic
 61536 | Depths:1 | Reached skill level 10 in Axes
 61922 | Depths:1 | Found a gateway to Hell.
 61949 | Depths:1 | Found a one-way gate to the infinite horrors of the Abyss.
 64182 | Depths:2 | Noticed a doom hound
 64186 | Depths:2 | Noticed a doom hound
 64193 | Depths:2 | Noticed a Tzitzimitl
 64193 | Depths:2 | Noticed Grunn
 64197 | Depths:2 | Noticed a bone dragon
 64367 | Depths:1 | Killed a bone dragon
 64427 | Depths:2 | Killed a Tzitzimitl
 64683 | Depths:2 | Noticed a bone dragon
 64689 | Depths:2 | Noticed a bone dragon
 64716 | Depths:1 | Killed a bone dragon
 64850 | Depths:1 | Killed a bone dragon
 65590 | Depths:2 | Learned a level 6 spell: Iron Shot
 65599 | Depths:2 | Identified the +0 plate armour of the Iron Devil {rPois
                  | Regen+ MP-9 Stlth-}
 66213 | Depths:2 | Paralysed by a vampire knight for 2 turns
 66700 | Depths:2 | Reached XP level 20. HP: 157/161 MP: 14/44
 67372 | Depths:2 | Killed Grunn
 67833 | Depths:2 | Identified the +2 falchion of the Dead {venom, Dex+3}
 68309 | Depths:2 | Noticed a caustic shrike
 68317 | Depths:2 | Killed a caustic shrike
 68550 | Depths:2 | Found a one-way gate leading to the halls of Pandemonium.
 68567 | Depths:2 | Identified the +7 dagger of Gozag's Whim {protect, Will+
                  | Str-3 Dex+2}
 68628 | Depths:2 | Found a one-way gateway to a ziggurat.
 68731 | Depths:2 | Found a one-way gate leading to the halls of Pandemonium.
 68770 | Depths:2 | Found a one-way gateway to a ziggurat.
 69778 | Depths:3 | Paralysed by a floating eye for 4 turns
 72151 | Depths:3 | Noticed a caustic shrike
 72168 | Depths:3 | Killed a caustic shrike
 72235 | Depths:3 | Noticed a caustic shrike
 72246 | Depths:3 | Killed a caustic shrike
 72252 | Depths:3 | Noticed a caustic shrike
 72275 | Depths:3 | Paralysed by a vampire knight for 2 turns
 72534 | Depths:3 | Noticed a juggernaut
 73457 | Depths:3 | Killed a caustic shrike
 73777 | Depths:3 | Identified the ring of Lilacs {Wiz rF+ rC+ Dex+4}
 73987 | Depths:3 | Killed a juggernaut
 74287 | Depths:3 | Learned a level 3 spell: Swiftness
 74365 | Depths:3 | Identified the +0 chain mail of Valour {rC+ Str-5 Stlth+}
 74368 | Depths:3 | Identified the +4 hand axe of the Seer {speed, rF+ Str+4}
 74381 | Depths:3 | Noticed a caustic shrike
 74381 | Depths:3 | Noticed a caustic shrike
 74381 | Depths:3 | Noticed a caustic shrike
 74381 | Depths:3 | Noticed a caustic shrike
 74392 | Depths:3 | Killed a caustic shrike
 74393 | Depths:3 | Killed a caustic shrike
 74395 | Depths:3 | Noticed a golden dragon
 74398 | Depths:3 | Killed a caustic shrike
 74570 | Depths:2 | Reached XP level 21. HP: 155/168 MP: 38/45
 74692 | Depths:3 | Reached skill level 15 in Axes
 74893 | Depths:3 | Killed a caustic shrike
 75068 | Depths:3 | Identified the +9 plate armour of Recklessness {Str+4}
 75148 | Depths:3 | Killed a golden dragon
 76051 | Depths:4 | Entered Level 4 of the Depths
 76056 | Depths:4 | Noticed a caustic shrike
 76056 | Depths:4 | Noticed a caustic shrike
 76067 | Depths:4 | Killed a caustic shrike
 76069 | Depths:4 | Killed a caustic shrike
 76149 | Depths:4 | Noticed Louise
 76204 | Depths:4 | Killed Louise
 76373 | Depths:4 | Noticed a caustic shrike
 76379 | Depths:4 | Killed a caustic shrike
 76471 | Depths:4 | Noticed a golden dragon
 76488 | Depths:4 | Killed a golden dragon
 76507 | Depths:4 | Paralysed by a floating eye for 2 turns
 76599 | Depths:4 | Lost mutation: [You sometimes lose your temper in combat.]
                  | [potion of mutation]
 76599 | Depths:4 | Gained mutation: [You occasionally shout uncontrollably at
                  | your foes.] [potion of mutation]
 76599 | Depths:4 | Gained mutation: You are robust. (+10% HP) [potion of
                  | mutation]
 76870 | Depths:4 | Noticed a golden dragon
 77013 | Depths:4 | Killed a golden dragon
 77273 | Depths:4 | Paralysed by a floating eye for 3 turns
 77342 | Depths:4 | Noticed a caustic shrike
 77344 | Depths:4 | Noticed a caustic shrike
 77345 | Depths:4 | Noticed a caustic shrike
 77347 | Depths:4 | Noticed a caustic shrike
 77356 | Depths:4 | Killed a caustic shrike
 77356 | Depths:4 | Killed a caustic shrike
 77359 | Depths:4 | Killed a caustic shrike
 77359 | Depths:4 | Killed a caustic shrike
 77820 | Depths:4 | Found a gate to the Realm of Zot.
 78759 | Vaults:1 | Entered Level 1 of the Vaults
 78767 | D:13     | Learned a level 4 spell: Leda's Liquefaction
 78770 | D:13     | Learned a level 2 spell: Sublimation of Blood
 79190 | Vaults:1 | Reached skill level 11 in Fighting
 79276 | Vaults:1 | Noticed Nikola
 79289 | Vaults:1 | Killed Nikola
 79782 | Vaults:1 | Reached skill level 12 in Fighting
 79811 | Vaults:1 | Reached XP level 22. HP: 199/199 MP: 40/46
 81334 | Vaults:2 | Reached skill level 13 in Fighting
 81489 | Vaults:2 | Found Muuddyut's Antique Armour Shoppe.
 81497 | Vaults:2 | Bought a pair of runed boots for 195 gold pieces
 81511 | Vaults:2 | Found the +2 pair of slick slippers {slick, slippery, EV+4}
 82464 | Vaults:3 | Found a staircase to the Crypt.
 82515 | Vaults:3 | Reached skill level 14 in Fighting
 82535 | Vaults:3 | Noticed a dread lich
 82547 | Vaults:3 | Paralysed by a dread lich for 5 turns
 82549 | Vaults:3 | Killed a dread lich
 83180 | Orc:1    | Bought a scroll of enchant weapon for 202 gold pieces
 83331 | Vaults:3 | Reached skill level 10 in Dodging
 83369 | Vaults:3 | Identified the +4 long sword "Liugiz" {antimagic, rElec
                  | rPois rF- rCorr}
 84216 | Vaults:3 | Found a staircase to the Crypt.
 85077 | Vaults:4 | Identified the +2 robe of Whack-A-Mole {rF+ Will- rCorr}
 85358 | Vaults:4 | Found a runed translucent door.
 86025 | Vaults:4 | Identified the staff of air "Bokios" {+Blink rElec Int+4
                  | Dex-4 Stlth+}
 86071 | Vaults:5 | Entered Level 5 of the Vaults
 86085 | Vaults:5 | Reached XP level 23. HP: 84/214 MP: 9/47
 86504 | Vaults:5 | Noticed a dread lich
 86590 | Vaults:5 | Paralysed by a dread lich for 3 turns
 86599 | Vaults:5 | Killed a dread lich
 86731 | Vaults:5 | Identified the +10 rapier "Bot Giul" {freeze, *Slow rC+
                  | rN+}
 86803 | Vaults:5 | Noticed Jory
 86818 | Vaults:5 | Killed Jory
 87053 | Vaults:5 | Identified the ring of Joy {Will+ rCorr Int+6}
 87119 | Vaults:5 | Identified the +8 battleaxe "Daenk" {flame, *Corrode *Slow
                  | rElec Will+++}
 87180 | Vaults:5 | Noticed a dread lich
 87228 | Vaults:5 | Identified the +11 spear "Hydraslayer" {spect, rElec Str+6
                  | Stlth+}
 87236 | Vaults:5 | Killed a dread lich
 87251 | Vaults:4 | Reached skill level 15 in Shields
 87293 | Vaults:5 | Noticed a dread lich
 87450 | Vaults:5 | Killed a dread lich
 87936 | Vaults:5 | Identified the +0 cloak of Focaroig {rF+ Str+2 Dex+3}
 88032 | Vaults:5 | Identified the +3 plate armour of Refuge {Harm}
 88034 | Vaults:5 | Got a silver rune of Zot
 88282 | Vaults:5 | Got the Meditations on Flinty Destruction
 88283 | Vaults:5 | Identified the staff of cold "Ydeaviw" {rF+ rC+ Will+ Str+2
                  | Int+2}
 88301 | Vaults:5 | Identified the staff of air "Uleloant" {rElec rPois Dex-4
                  | SInv}
 88461 | Vaults:5 | Got the Volume of Imprecation and Weather
 88466 | Vaults:5 | Identified the +4 chain mail of Hoguin {rElec rN+ Int+4}
 88730 | Vaults:5 | Found the +8 frozen axe "Frostbite" {freeze, freezing
                  | cloud, *Noise Fly rC+}
 88746 | Vaults:5 | Identified the +6 mace of Analysis {drain, Str+4 SInv}
 89760 | Slime:1  | Entered Level 1 of the Pits of Slime
 90043 | Slime:1  | Gained mutation: [Your body sometimes deteriorates upon
                  | taking damage.] [a shining eye]
 91275 | Slime:4  | Reached skill level 15 in Spellcasting
 92182 | Slime:3  | Paralysed by a floating eye for 2 turns
 92188 | Slime:3  | Gained mutation: You are weak. (Str -2) [a shining eye]
 92191 | Slime:3  | Paralysed by a floating eye for 3 turns
 92536 | Slime:5  | Entered Level 5 of the Pits of Slime
 92625 | Slime:5  | Noticed the Royal Jelly
 93152 | Slime:4  | Reached XP level 24. HP: 219/224 MP: 5/49
 93504 | Slime:5  | Killed the Royal Jelly
 93652 | Slime:5  | Reached skill level 15 in Fighting
 93690 | Slime:5  | Found the amulet of the Air {Inacc Air Fly rElec RMsl}
 93695 | Slime:5  | Identified the +7 chain mail of Lies {Str+3}
 93697 | Slime:5  | Got a slimy rune of Zot
 93732 | Slime:5  | Identified the ring of Finality {Will+ rCorr SInv}
 93777 | Slime:5  | Identified the ring "Qutzexzo" {+Blink rElec rC+}
 95192 | Hell     | Entered the Vestibule of Hell
 95192 | Hell     | Noticed Geryon
 96511 | Hell     | Killed Geryon
 96769 | Hell     | Found a gateway to the Iron City of Dis.
 96991 | Hell     | Found a gateway to the decaying netherworld of Tartarus.
 97045 | Hell     | Found a gateway to the ashen valley of Gehenna.
 97099 | Hell     | Found a gateway to the freezing wastes of Cocytus.
 97357 | Hell     | Found a gateway to the Iron City of Dis.
 97444 | Hell     | Found a gateway to the decaying netherworld of Tartarus.
 97564 | Hell     | Found a gateway to the ashen valley of Gehenna.
 97829 | Crypt:1  | Entered Level 1 of the Crypt
 97856 | Crypt:1  | Noticed Sojobo
 97872 | Crypt:1  | Paralysed by an air elemental for 1 turns
 97874 | Crypt:1  | Killed Sojobo
 97933 | Crypt:1  | Reached skill level 10 in Transmutations
 98053 | Crypt:1  | Found a magical portal.
 98088 | WizLab   | Entered Lehudib's Moon Base
 98604 | WizLab   | Found a transporter.
 98604 | WizLab   | Found the +7 Spriggan's Knife {stab, EV+4 Stlth+}
 99030 | WizLab   | Paralysed by accursed screaming for 1 turns
 99663 | WizLab   | Learned a level 3 spell: Vhi's Electric Charge
 99905 | WizLab   | Identified the ring "Tit Ora" {rF+ rN+ Will+ Dex+4}
 99969 | WizLab   | Found a transporter.
100352 | WizLab   | Gained mutation: [You occasionally lose the ability to read
                  | scrolls when taking damage.] [a cacodemon]
100413 | WizLab   | Lost mutation: You are robust. (+10% HP) [a cacodemon]
100434 | WizLab   | Identified the ring "Qybrig" {rN+ MP+9 Str+2 Int+6}
100540 | Crypt:1  | Paralysed by a vampire knight for 5 turns
100830 | Orc:1    | Bought a potion of mutation for 296 gold pieces
100830 | Orc:1    | Lost mutation: [Your body sometimes deteriorates upon
                  | taking damage.] [potion of mutation]
100830 | Orc:1    | Lost mutation: [You occasionally lose the ability to read
                  | scrolls when taking damage.] [potion of mutation]
100830 | Orc:1    | Lost mutation: [You occasionally shout uncontrollably at
                  | your foes.] [potion of mutation]
100830 | Orc:1    | Gained mutation: You have supernaturally acute eyesight.
                  | (SInv) [potion of mutation]
100830 | Orc:1    | Gained mutation: You have sharp toenails. [potion of
                  | mutation]
100830 | Orc:1    | Gained mutation: You are vulnerable to heat. (rF-) [potion
                  | of mutation]
100831 | Orc:1    | Lost mutation: You are weak. (Str -2) [potion of mutation]
100831 | Orc:1    | Lost mutation: You have supernaturally acute eyesight.
                  | (SInv) [potion of mutation]
100831 | Orc:1    | Gained mutation: You are vulnerable to cold. (rC-) [potion
                  | of mutation]
100831 | Orc:1    | Gained mutation: You possess an exceptional clarity of
                  | mind. [potion of mutation]
100832 | Orc:1    | Lost mutation: You possess an exceptional clarity of mind.
                  | [potion of mutation]
100832 | Orc:1    | Lost mutation: You are vulnerable to cold. (rC-) [potion of
                  | mutation]
100832 | Orc:1    | Gained mutation: You have a pair of small horns on your
                  | head. [potion of mutation]
101037 | Zot:1    | Entered Level 1 of the Realm of Zot
101486 | Orc:1    | Bought a scroll of enchant armour for 112 gold pieces
101541 | Orc:2    | Bought a scroll of enchant armour for 105 gold pieces
101660 | Elf:2    | Bought a scroll of enchant armour for 262 gold pieces
102037 | Zot:1    | Lost mutation: You are vulnerable to heat. (rF-) [potion of
                  | mutation]
102037 | Zot:1    | Lost mutation: You have a pair of small horns on your head.
                  | [potion of mutation]
102037 | Zot:1    | Gained mutation: [You sometimes lose your temper in
                  | combat.] [potion of mutation]
102037 | Zot:1    | Gained mutation: You are vulnerable to cold. (rC-) [potion
                  | of mutation]
102199 | Zot:1    | Identified the amulet "Sani" {Reflect rElec MP+9 Int+3
                  | SH+5}
102223 | Zot:1    | Identified the +2 whip of Zarionuip {drain, Contam rC+ rN+
                  | Dex+7}
102382 | Zot:1    | Reached skill level 15 in Armour
103076 | Zot:2    | Noticed an orb of fire
103096 | Zot:2    | Gained mutation: You are very vulnerable to cold. (rC--)
                  | [an orb of fire]
103097 | Zot:2    | Killed an orb of fire
103098 | Zot:2    | Reached XP level 25. HP: 213/214 MP: 50/50
103243 | Zot:2    | Noticed an orb of fire
103250 | Zot:2    | Gained mutation: Armour fits poorly on your strangely
                  | shaped body. [an orb of fire]
103260 | Zot:2    | Gained mutation: [Potions are less effective at restoring
                  | your health.] [an orb of fire]
103263 | Zot:2    | Gained mutation: [Your spells are a little easier to cast,
                  | but a little less powerful.] [an orb of fire]
103267 | Zot:2    | Gained mutation: You are agile. (Dex +4, Str/Int -1) [an
                  | orb of fire]
103283 | Zot:2    | HP: 13/324 [orb of fire/bolt of fire (19)]
103286 | Zot:2    | Killed an orb of fire
103287 | Zot:2    | Reached skill level 16 in Fighting
103288 | Zot:2    | HP: 1/324 [death cob (16)]
104353 | Zot:3    | Reached skill level 17 in Fighting
104538 | Zot:3    | Noticed Parghit
104685 | Zot:2    | Lost mutation: [You sometimes lose your temper in combat.]
                  | [potion of mutation]
104685 | Zot:2    | Lost mutation: Armour fits poorly on your strangely shaped
                  | body. [potion of mutation]
104685 | Zot:2    | Lost mutation: [Potions are less effective at restoring
                  | your health.] [potion of mutation]
104685 | Zot:2    | Gained mutation: You are strong-willed. (Will+) [potion of
                  | mutation]
104685 | Zot:2    | Lost mutation: You are agile. (Dex +4, Str/Int -1) [potion
                  | of mutation]
104685 | Zot:2    | Gained mutation: You possess an exceptional clarity of
                  | mind. [potion of mutation]
104686 | Zot:2    | Lost mutation: You are very vulnerable to cold. (rC--)
                  | [potion of mutation]
104686 | Zot:2    | Lost mutation: You have sharp toenails. [potion of
                  | mutation]
104686 | Zot:2    | Lost mutation: [Your spells are a little easier to cast,
                  | but a little less powerful.] [potion of mutation]
104686 | Zot:2    | Gained mutation: [Your spells are a little easier to cast,
                  | but a little less powerful.] [potion of mutation]
105546 | Zot:3    | Killed Parghit
106420 | Zot:3    | Reached skill level 18 in Fighting
107188 | Zot:4    | Reached skill level 19 in Fighting
108189 | Zot:5    | Entered Level 5 of the Realm of Zot
108361 | Zot:5    | Reached skill level 20 in Fighting
108645 | Zot:5    | Noticed an orb of fire
108667 | Zot:5    | Gained mutation: You have sharp toenails. [an orb of fire]
108671 | Zot:5    | Killed an orb of fire
109128 | Zot:5    | Noticed an ancient lich
109145 | Zot:5    | Killed an ancient lich
109275 | Zot:5    | Reached XP level 26. HP: 240/240 MP: 50/50
109526 | Zot:5    | Noticed an ancient lich
109534 | Zot:5    | Killed an ancient lich
109606 | Zot:5    | Noticed an orb of fire
109749 | Zot:5    | Noticed an orb of fire
109762 | Zot:5    | Gained mutation: [You occasionally lose the ability to
                  | drink potions when taking damage.] [an orb of fire]
109765 | Zot:5    | Killed an orb of fire
109771 | Zot:5    | Gained mutation: [You occasionally shout uncontrollably at
                  | your foes.] [an orb of fire]
109771 | Zot:5    | Gained mutation: [You occasionally lose the ability to read
                  | scrolls when taking damage.] [an orb of fire]
109781 | Zot:5    | Gained mutation: You are weak. (Str -2) [an orb of fire]
109785 | Zot:5    | Gained mutation: You are vulnerable to heat. (rF-) [an orb
                  | of fire]
109786 | Zot:5    | Gained mutation: You are very weak. (Str -4) [an orb of
                  | fire]
109791 | Zot:5    | Lost mutation: [You occasionally lose the ability to drink
                  | potions when taking damage.] [an orb of fire]
109792 | Zot:5    | Gained mutation: Armour fits poorly on your strangely
                  | shaped body. [an orb of fire]
109804 | Zot:5    | Killed an orb of fire
109898 | Zot:5    | Noticed an ancient lich
109898 | Zot:5    | Noticed an orb of fire
109905 | Zot:5    | Noticed an ancient lich
109908 | Zot:5    | Gained mutation: [You are clumsy. (Dex -2)] [an orb of
                  | fire]
110251 | Zot:5    | Gained mutation: [Your body sometimes deteriorates upon
                  | taking damage.] [an orb of fire]
110266 | Zot:5    | Killed an orb of fire
110276 | Zot:5    | Killed an ancient lich
110388 | Zot:5    | Noticed an ancient lich
110388 | Zot:5    | Noticed a dread lich
110401 | Zot:5    | Killed an ancient lich
110662 | Zot:5    | Killed an ancient lich
110731 | Zot:5    | Killed a dread lich
111033 | Orc:1    | Bought a scroll of blinking for 247 gold pieces
111033 | Orc:1    | Bought a potion of invisibility for 264 gold pieces
113566 | Depths:4 | Lost mutation: You are vulnerable to heat. (rF-) [potion of
                  | mutation]
113566 | Depths:4 | Lost mutation: You possess an exceptional clarity of mind.
                  | [potion of mutation]
113566 | Depths:4 | Gained mutation: Your flesh is heat resistant. (rF+)
                  | [potion of mutation]
113567 | Depths:4 | Lost mutation: You have sharp toenails. [potion of
                  | mutation]
113567 | Depths:4 | Lost mutation: [You occasionally shout uncontrollably at
                  | your foes.] [potion of mutation]
113567 | Depths:4 | Lost mutation: [You occasionally lose the ability to read
                  | scrolls when taking damage.] [potion of mutation]
113567 | Depths:4 | Gained mutation: You have a pair of small antennae on your
                  | head. [potion of mutation]
113573 | Depths:4 | Voluntarily entered the Abyss.
113945 | Abyss:6  | Reached skill level 5 in Stealth
114020 | Depths:4 | Escaped the Abyss
114159 | Depths:4 | Voluntarily entered the Abyss.
114273 | Abyss:6  | Noticed an ancient lich
114281 | Abyss:6  | Killed from afar by a water nymph

Illustrated notes

Levels and vault maps discovered:
D:1:      minmay_arrival_checkered_box, layout_rooms, glass_columns_a
D:2:      layout_basic, uniq_terence
D:3:      layout_basic
D:4:      layout_cave_pools, serial_bayou_ford_a, nicolae_figureground_sparkle
D:5:      layout_basic, minmay_temple_entry_butterflies, uniq_pikel
D:6:      layout_basic, serial_shops, nicolae_shop_behind_doors,
          lightli_corner_chamber, uniq_edmund, uniq_sigmund, uniq_menkaure
D:7:      layout_basic, enter_bailey_5, serial_shops, shop,
          nicolae_shop_hallway_plus, shop, nicolae_shop_pleasant_corner_grove
D:8:      layout_loops_ring, grunt_temple_overflow_opulence, minmay_evil_grid
D:9:      layout_rooms, grunt_ministairs_4, nicolae_diode_basic, uniq_joseph
D:10:     layout_rooms, minitemple, minmay_st_funbox
D:11:     minmay_the_grid_3x2 [minmay_the_grid_spikes, minmay_the_grid_tree,
          minmay_the_grid_tiny_cups, minmay_the_grid_x,
          minmay_the_grid_small_cups, minmay_the_grid_prize_shrinking_boxes],
          layout_cave_pools
D:12:     layout_cave_pools, minivault_16, uniq_lodul
D:13:     layout_roguey, grunt_vaults_entry_fortified, uniq_maurice, uniq_azrael
D:14:     layout_loops_ring, serial_shops, nicolae_shop_window_shopping,
          gauntlet_entry_generic
D:15:     gammafunk_depths_entry_grave, layout_long_grid,
          nicolae_qazlal_general_emergency, uniq_jorgrun
Lair:1:   layout_regular_city, beast_lair_carwin_3, uniq_harold
Lair:2:   layout_hall_layers, minmay_swamp_entry_swarm
Lair:3:   cheibrodos_lair_river_kwai, layout_chaotic_city,
          nicolae_spider_entry_tight_spaces, basic_altar
Lair:4:   layout_loops_ring, minmay_slime_entry_jelly_boxes, uniq_snorg,
          uniq_kirke
Lair:5:   evilmike_catoblepas_cave, layout_regular_city,
          amcnicky_mini_pool_medium, lemuel_fruit_tree
Swamp:1:  layout_basic_swamp, portal_ice_cave_entry_frozen_things,
          serial_swamp_ruin, evilmike_swamp_ruin_wall,
          evilmike_swamp_ruin_house_3, swamp_pool3
Swamp:2:  layout_falls_marsh, nicolae_swamp_godswood, infiniplex_staircase_pool
Swamp:3:  layout_basic_swamp, evilmike_swamp_ruin_house_4
Swamp:4:  swamp_alternative, layout_basic_swamp
Spider:1: layout_cave_pods
Spider:2: layout_spider_delve, hangedman_stitches_earthworm, uniq_arachne
Spider:3: layout_spider_delve
Spider:4: spider_rune_water
Slime:1:  layout_caves, cheibrodos_slime_lost_civilization_6
Slime:2:  layout_caves
Slime:3:  layout_caves, nicolae_slime_barrier, amcnicky_altar_lugonu_corruption
Slime:4:  layout_caves
Slime:5
Orc:1:    layout_caves, serial_shops, shop, shop, shop, shop, shop,
          biasface_ghost_orc_armoury
Orc:2:    grunt_orc_gardens, layout_caves, grunt_orc_garden, grunt_orc_garden,
          grunt_orc_garden, grunt_orc_garden, nicolae_orc_pool_cavern,
          mines1_david
Elf:1:    layout_gridlike, minmay_elf_necromancy, st_stairs_14,
          nicolae_shop_dragon_depot
Elf:2:    nicolae_elf_blades_splatter_lattice [infiniplex_blade_entry_pillars],
          layout_geoelf_octagon, serial_shops, shop
Elf:3:    minmay_elf_hall_not_hex, layout_onion_city
Vaults:1: nicolae_vaults_ellipses_ellipsis, nicolae_vaults_door_testing_chamber,
          ontoclasm_vaults_hangar, vaults_room_door_ring, v_rooms_4, v_misc_5,
          nicolae_vaults_tangram_2, nicolae_vaults_big_ls,
          hangedman_vaults_restitches, nicolae_vaults_theta,
          nicolae_vaults_tetromino_Z_1, nicolae_vaults_loss_of_containment,
          vaults_room_hallway, vaults_room_ringed_pool, layout_vaults_maze,
          uniq_nikola
Vaults:2: st_cells, nicolae_vaults_tetromino_L_1, v_rooms_4,
          nicolae_vaults_sealed_display, ontoclasm_vaults_ring_small,
          hangedman_vaults_nails, nicolae_vaults_little_squares_6,
          vaults_dpeg_emergency_exit, nicolae_vaults_tetromino_T_2,
          layout_vaults_quadrants, serial_shops, shop
Vaults:3: nicolae_vaults_closet_pinwheel_1, ontoclasm_vaults_bender, v_misc_5,
          v_misc_2, v_misc_8, minmay_crypt_entry_nasty_monster, v_misc_3,
          nicolae_vaults_network_periphery, hangedman_vaults_slice,
          nicolae_vaults_storage_room_glass, nicolae_vaults_diamond_1,
          nicolae_vaults_enemy_cabinets, layout_vaults_omnibox
Vaults:4: nicolae_vaults_oozy_zoo, nicolae_vaults_meiosis,
          ontoclasm_vaults_ring_square, v_pattern_1, nicolae_vaults_mitosis,
          nicolae_vaults_layer_cake_slice, nicolae_vaults_doubleplus_tesselated,
          v_rooms_5, v_misc_3, ontoclasm_vaults_loading_screen,
          vaults_room_door_ring, layout_vaults_ring
Vaults:5: uniq_jory
Crypt:1:  layout_rooms, mu_enter_wizlab_4, uniq_sojobo
Depths:1: layout_basic, lemuel_statue_altar, abyss_entry_crystal,
          pf_hell_entry_tar_river, nicolae_vehumet_radiance
Depths:2: box_level_dp, pan_entry, abyss_entry, serial_shops, hell_entry,
          uniq_grunn
Depths:3: grunt_bent_corner, layout_gridlike, abyss_entry_glasseish,
          grunt_mini_vestibule, zin_statuary, minmay_staircase_statues
Depths:4: grunt_zot_entry_bicorn, layout_gridlike, hangedman_coc_ice_floe,
          chequers_serial_rivers_large_b,
          nicolae_abyss_entry_one_way_or_another, serial_glass, glass_columns_b,
          glass_columns_a, glass_columns_a, glass_columns_c, glass_columns_b,
          glass_columns_a, glass_columns_b, glass_columns_c, drop_trap,
          onia_ninara_cookie
Hell
Zot:1:    layout_twisted_circle
Zot:2:    kennysheep_room_grid, layout_onion_interference
Zot:3:    lemuel_draconian_sentries, layout_basic, uniq_parghit
Zot:4:    kennysheep_bubbly, layout_concentric_octagons,
          kennysheep_underground_church
Zot:5:    layout_twisted_circle
Abyss:6:  base: D:14, evilmike_abyss_rune_siren_acolytes,
          evilmike_abyss_exit_glass, hangedman_abyss_exit_choices,
          onia_ninara_dug_in_and_dangerous, hangedman_abyss_shoalhut,
          gammafunk_abyss_rune_reverse_zot, base: Zot:3, evilmike_abyss_exit_7,
          grunt_abyss_rune_forest_and_sorcery

Skill      XL: |  1  2  3  4  5  6  7  8  9 10 11 12 13 14 15 16 17 18 19 20 21 22 23 24 25 26 |
---------------+-------------------------------------------------------------------------------+-----
Spellcasting   | 2 3 4 5 6 9 11 13 14 15 17 19 | 19.0
Conjurations   | 4 5 6 7 8 9 10 11 | 11.6
Translocations | 3 5 8 10 | 10.4
Poison Magic   | 2 3 6 7 |  7.0
Fighting       | 4 5 6 10 12 14 15 20 | 20.8
Armour         | 7 10 11 14 15 | 15.3
Dodging        | 5 8 13 14 | 14.8
Shields        | 1 8 10 12 15 | 15.0
Earth Magic    | 2 7 11 13 | 13.2
Necromancy     | 4 7 9 10 | 10.1
Axes           | 6 8 11 14 18 | 18.0
Transmutations | 8 12 | 12.6
Stealth        | 7 |  7.5

Action                     |  1- 3 |  4- 6 |  7- 9 | 10-12 | 13-15 | 16-18 | 19-21 | 22-24 | 25-27 || total
---------------------------+-------+-------+-------+-------+-------+-------+-------+-------+-------++-------
  Melee: Dagger            |       |     1 |    71 |    15 |       |       |       |       |       ||    87
         Punch             |       |       |     1 |     1 |       |       |       |       |       ||     2
         Flail             |       |       |       |     4 |       |       |       |       |       ||     4
         Staff             |       |       |       |       |   131 |   199 |    79 |       |       ||   409
         Falchion          |       |       |       |       |       |    12 |       |       |       ||    12
         Broad axe         |       |       |       |       |       |    47 |   659 |  2612 |  1670 ||  4988
         Headbutt          |       |       |       |       |       |       |       |     5 |       ||     5
   Cast: Magic Dart        |    97 |   114 |    25 |     8 |     6 |     1 |       |       |       ||   251
         Searing Ray       |     1 |    10 |    68 |     7 |       |       |       |       |       ||    86
         Iskenderun's Myst |       |       |    11 |   129 |   460 |   892 |   671 |   116 |    21 ||  2300
         Olgreb's Toxic Ra |       |       |       |    72 |   214 |   292 |     7 |    14 |     8 ||   607
         Passwall          |       |       |       |     7 |     2 |       |       |       |       ||     9
         Fulminant Prism   |       |       |       |       |    13 |    13 |       |    13 |       ||    39
         Borgnjor's Vile C |       |       |       |       |       |    43 |   190 |    78 |    27 ||   338
         Stone Arrow       |       |       |       |       |       |    26 |    59 |       |       ||    85
         Iron Shot         |       |       |       |       |       |       |    81 |    35 |    22 ||   138
         Manifold Assault  |       |       |       |       |       |       |    30 |   557 |   271 ||   858
         Leda's Liquefacti |       |       |       |       |       |       |     9 |    42 |    13 ||    64
         Sublimation of Bl |       |       |       |       |       |       |     2 |       |       ||     2
         Statue Form       |       |       |       |       |       |       |       |    12 |       ||    12
Ability: End Transformatio |       |       |       |       |       |       |       |     1 |       ||     1
  Evoke: Lightning rod     |       |       |       |       |     1 |       |     2 |       |       ||     3
         Box of beasts     |       |       |       |       |     1 |       |       |       |       ||     1
         Wand              |       |       |       |       |       |       |       |     3 |       ||     3
    Use: Potion            |       |       |     4 |    12 |     2 |    14 |     4 |    14 |    29 ||    79
         Scroll            |       |       |     8 |     6 |    10 |    22 |    10 |    15 |    15 ||    86
 Armour: Robe              |     3 |     1 |       |       |       |       |       |       |       ||     4
         Ring mail         |       |     6 |    49 |    41 |       |       |       |       |       ||    96
         Plate armour      |       |       |       |     2 |   375 |   970 |   534 |   439 |       ||  2320
         Skin              |       |       |       |       |       |       |       |   106 |       ||   106
         Gold dragon scale |       |       |       |       |       |       |       |    33 |   371 ||   404
  Dodge: Dodged            |    16 |    12 |    95 |    68 |   230 |   472 |   602 |  1273 |   774 ||  3542
  Block: Kite shield       |       |       |       |       |   208 |   602 |   728 |  1298 |   898 ||  3734
         Reflection        |       |       |       |       |       |       |       |    39 |     8 ||    47
